 Dungeon Crawl Stone Soup version 0.24-a0-139-geb6712d (webtiles) character file.

Game seed: 10599371463510495336

185 Anon1729 the Shield-Bearer (level 5, 0/36 HPs)
             Began as an Octopode Fighter on Mar 2, 2019.
             Slain by a river rat (8 damage)
             ... summoned by Eustachio
             ... on level 4 of the Dungeon.
             The game lasted 00:04:02 (2137 turns).

Anon1729 the Shield-Bearer (Octopode Fighter)       Turns: 2137, Time: 00:04:04

Health: 0/36       AC:  1    Str: 16    XL:     5   Next: 64%
Magic:  5/5        EV: 12    Int: 11    God:
Gold:   173        SH:  9    Dex: 11    Spells: 4/4 levels left

rFire    . . .     SeeInvis .     - Unarmed
rCold    . . .     Gourm    .   a - +0 shield
rNeg     . . .     Faith    .   (helmet restricted)
rPois    .         Spirit   .   (no amulet)
rElec    .         Reflect  .   (no ring)
rCorr    .         Harm     .   (no ring)
MR       .....                  (no ring)
Stlth    +++.......             (no ring)
HPRegen  0.12/turn              (no ring)
MPRegen  0.09/turn              (no ring)
                                (no ring)
                                (no ring)

@: no status effects
A: almost no armour, stealthy swim, amphibious, 8 rings, constrict 8, camouflage
1, gelatinous body 1
a: no special abilities


You were on level 4 of the Dungeon.
You were not hungry.

You visited 1 branch of the dungeon, and saw 4 of its levels.

You collected 173 gold pieces.

Inventory:

Hand Weapons
 n - a +4 quarterstaff of chaos
Missiles
 j - 2 curare-tipped needles
Armour
 a - a +0 shield (worn)
Scrolls
 d - 2 scrolls of noise {unknown}
 f - a scroll of fear {unknown}
 g - a scroll of identify {unknown}
 h - 2 scrolls of enchant weapon {unknown}
 i - 2 scrolls of remove curse {unknown}
 l - 2 scrolls of blinking {unknown}
Potions
 b - 2 potions of might
 e - a potion of flight {unknown}
 m - a potion of resistance {unknown}
 o - a potion of agility {unknown}
Comestibles
 c - 5 rations
 k - 10 chunks of flesh


   Skills:
 + Level 3.5 Fighting
 + Level 3.7 Dodging
 + Level 2.3 Stealth
 + Level 4.0 Shields
 + Level 3.4 Unarmed Combat


You had 4 spell levels left.
You didn't know any spells.
Your spell library was empty.

Dungeon Overview and Level Annotations

Branches:
Dungeon (4/15)
 Temple: D:4-7

Altars:
Qazlal

Annotations:
D:3 Grinder
D:4 Eustachio


Innate Abilities, Weirdness & Mutations

You cannot wear most types of armour.
You are very stealthy in the water. (Stealth+)
You are amphibious.
You can wear up to eight rings at the same time.
You can use your tentacles to constrict eight enemies at once.
Your skin changes colour to match your surroundings (Stealth+).
Your rubbery body absorbs attacks. (AC +1, EV +1)


Message History

You kill the hobgoblin!
The crimson imp disappears in a puff of smoke!
The shadow imp disappears in a puff of smoke!
You barely miss the quokka. Your grab misses the quokka.
You squeeze the quokka, but do no damage.
The quokka barely misses you.
You barely miss the quokka. You grab the quokka. You constrict the quokka.
The quokka bites you.
* * * LOW HITPOINT WARNING * * *
You block the quokka's attack.
You tentacle-slap the quokka.
You kill the quokka!
The quokka's corpse disappears in a puff of smoke!
Your shield prevents you from hitting the river rat.
You grab the river rat. You tentacle-slap the river rat.
The river rat is moderately wounded.
You hear the slow rusting of a very distant drain.
You constrict the river rat, but do no damage.
The river rat bites you!
You die...

.gg......#
#..##
#...#
##..##
#...#
##..# #)@#
##r# #@#
###


You could see Eustachio and a river rat.

Vanquished Creatures
  Crazy Yiuf (D:3)
  Robin (D:4)
  An adder (D:2)
  2 oozes (D:2)
  4 worms
  A dart slug (D:2)
  3 leopard geckos
  6 orcs (D:3)
  7 bats
  3 giant cockroaches
  17 goblins
  11 hobgoblins
  15 jackals
  8 kobolds
  A quokka (D:2)
  A ball python (D:3)
  5 frilled lizards
  10 rats
97 creatures vanquished.

Notes
Turn   | Place    | Note
-------+----------+-------------------------------------------
     0 | D:1      | Anon1729 the Octopode Fighter began the quest for the Orb.
     0 | D:1      | Reached XP level 1. HP: 16/16 MP: 1/1
   130 | D:1      | Reached XP level 2. HP: 21/21 MP: 2/2
   297 | D:1      | Reached XP level 3. HP: 19/26 MP: 3/3
   554 | D:2      | Noticed a water elemental
   556 | D:2      | Found a stormy altar of Qazlal.
   558 | D:2      | Noticed a fire elemental
   558 | D:2      | Noticed an earth elemental
   558 | D:2      | Noticed an air elemental
   593 | D:2      | Reached XP level 4. HP: 3/31 MP: 4/4
   902 | D:2      | Reached skill level 1 in Stealth
  1601 | D:3      | Found a runed translucent door.
  1602 | D:3      | Noticed Crazy Yiuf
  1610 | D:3      | Killed Crazy Yiuf
  1610 | D:3      | Reached skill level 4 in Shields
  1610 | D:3      | Reached XP level 5. HP: 30/36 MP: 5/5
  1838 | D:3      | Noticed Grinder
  2092 | D:4      | Noticed Eustachio
  2094 | D:4      | Noticed Robin
  2122 | D:4      | Killed Robin
  2137 | D:4      | Slain by a river rat

Levels and vault maps discovered:
D:1:      scummos_arrival_forest, layout_rooms
D:2:      layout_loops_ring, nicolae_qazlal_style_of_elements, first_ration
D:3:      layout_loops_cross, uniq_crazy_yiuf_cottage, uniq_grinder
D:4:      layout_loops_corners, minitemple, gup_sewer_entry_pipe,
          minmay_crossroads, uniq_eustachio, uniq_robin, uniq_pikel

Skill      XL: |  1  2  3  4  5 |
---------------+----------------+-----
Stealth        | 1 2 |  2.3
Shields        | 4 |  4.0
Unarmed Combat | 3 |  3.4
Fighting       | |  3.5
Dodging        | |  3.7

Action                   |  1- 3 |  4- 6 || total
-------------------------+-------+-------++-------
Melee: Unarmed           |    90 |   129 ||   219
       Constrict         |    28 |    43 ||    71
       Tentacles         |    15 |    23 ||    38
       Punch             |     2 |     5 ||     7
 Stab: Sleeping          |     6 |     6 ||    12
  Eat: Chunk             |       |     4 ||     4
Armor: Skin              |    12 |     6 ||    18
Dodge: Dodged            |    49 |    39 ||    88
Block: Shield            |    50 |    39 ||    89

Table legend:
 A = Non-vault XP
 B = Vault XP
 C = Vault XP percentage of total XP
 D = Non-vault monster count
 E = Vault monster count
 F = Vault count percentage of total count
                 A         B        C        D         E       F
            +---------+---------+-------+---------+---------+-------
      Total |     190 |      75 |  28.3 |      85 |      12 |  12.4
            +---------+---------+-------+---------+---------+-------
        D:1 |      44 |       0 |   0.0 |      24 |       0 |   0.0
        D:2 |     100 |       0 |   0.0 |      39 |       0 |   0.0
        D:3 |      45 |      41 |  47.7 |      21 |       1 |   4.5
        D:4 |       1 |      34 |  97.1 |       1 |      11 |  91.7
            +---------+---------+-------+---------+---------+-------
